 Dungeon Crawl Stone Soup version 0.27-a0-291-gd9602db6ee (webtiles) character file.

Game seed: 6431994804283414956

1 scarywalker64 the Digger (level 1, 10/10 HPs)
             Began as a Gargoyle Earth Elementalist on Feb 7, 2021.
             Quit the game on level 1 of the Dungeon on Feb 10, 2021.
             The game lasted 00:01:42 (119 turns).

scarywalker64 the Digger (GrEE)                      Turns: 119, Time: 00:01:42

Health: 10/10      AC:  4    Str: 11    XL:     1   Next: 20%
Magic:  2/3        EV: 12    Int: 15    God:
Gold:   13         SH:  0    Dex: 10    Spells: 3/4 levels left

rFire    . . .     SeeInvis .   (no weapon)
rCold    . . .     Faith    .   (no shield)
rNeg     + . .     Spirit   .   c - +0 robe
rPois    ∞         Reflect  .   (no helmet)
rElec    +         Harm     .   (no cloak)
rCorr    .         Rampage  .   (no gloves)
Will     .....                  (no boots)
Stlth    ++........             (no amulet)
HPRegen  0.03/turn              (no ring)
MPRegen  0.08/turn              (no ring)

@: no status effects
A: negative energy resistance 1, electricity resistance, unbreathing,
petrification resistance, miasma immunity, AC +2
a: no special abilities


You were on level 1 of the Dungeon.
You visited 1 branch of the dungeon, and saw 1 of its levels.

You collected 13 gold pieces.

Inventory:

Missiles
 b - 29 stones
Armour
 c - a +0 robe (worn)


   Skills:
 + Level 1.5 Dodging
 * Level 2.1 Stealth
 * Level 2.1 Spellcasting
 + Level 0.7 Transmutations
 * Level 3.6 Earth Magic


You had 3 spell levels left.
You knew the following spells:

 Your Spells              Type           Power        Failure   Level
a - Sandblast             Erth           24%          4%          1

Your spell library contained the following spells:

 Spells                   Type           Power        Failure   Level
 Passwall                 Tmut/Erth      6%           14%         2
 Stone Arrow              Conj/Erth      14%          30%         3
 Petrify                  Tmut/Erth      8%           65%         4
 Lee's Rapid Deconstruct  Erth           6%           80%         5


Dungeon Overview and Level Annotations

Branches:
Dungeon (1/15)

Altars:


Innate Abilities, Weirdness & Mutations

You are resistant to torment.
Your stone body is resilient. (AC +2)
You are immune to poison.
You resist negative energy. (rN+)
You are resistant to electric shocks. (rElec)
You can survive without breathing.
You are immune to petrification.
You are immune to miasma.


Message History

There is an open door here.
There is an open door here.
There is an open door here.
There is a staircase leading out of the dungeon here.
You open the door.
There is an open door here.
You open the door.
There is an open door here.
The goblin shouts!
The blast of sand hits the goblin!
You kill the goblin!
You can't see any susceptible monsters within range! (Use Z to cast anyway.)
You can't see any susceptible monsters within range! (Use Z to cast anyway.)
You can't see any susceptible monsters within range! (Use Z to cast anyway.) Welcome back, scarywalker64 the Gargoyle Earth Elementalist.
Press ? for a list of commands and other information.
Welcome back, scarywalker64 the Gargoyle Earth Elementalist.
Press ? for a list of commands and other information.
Unknown command.
Are you sure you want to abandon this character and quit the game? (Confirm with "yes".)

.
#.#≈≈.#...#.≈≈#.#
#g#≈≈.#...#.≈≈#.#
#.#####...#####.#
##.# #...# #.##
#.# ##'## #.#
#.## #...# ##.#
##.###...###.##
##.†##'##..##
###@....###
#######


There were no monsters in sight!

Vanquished Creatures
  A goblin (D:1)
1 creature vanquished.

Notes
Turn   | Place    | Note
-------+----------+-------------------------------------------
     0 | D:1      | scarywalker64 the Gargoyle Earth Elementalist began the
                  | quest for the Orb.
     0 | D:1      | Reached XP level 1. HP: 10/10 MP: 3/3
   119 | D:1      | Upgraded the game from 0.27-a0-279-gdfb9265905 to
                  | 0.27-a0-291-gd9602db6ee
   119 | D:1      | Quit the game

Illustrated notes

Levels and vault maps discovered:
D:1:      dpeg_arrival_yet_another_circle, layout_basic, st_stairs_8

Action                   || total
-------------------------++-------
 Cast: Sandblast         ||     1

Table legend: (Time is in decaauts)
 A = Elapsed time spent in this place.
 B = Non-inter-level travel time spent in this place.
 C = Inter-level travel time spent in this place.
 D = Time resting spent in this place.
 E = Time spent auto-exploring this place.
 F = Levels seen in this place.
 G = Mean time per level.
                   A        B        C        D        E       F      G
               +--------+--------+--------+--------+--------+-----+--------+
         Total |    120 |    120 |      0 |      0 |     20 |   1 |  120.0 |
       Dungeon |    120 |    120 |      0 |      0 |     20 |   1 |  120.0 |
               +--------+--------+--------+--------+--------+-----+--------+

Top non-repeatable levels by time:
     D:1: 120 daAuts
